 Dungeon Crawl Stone Soup version 0.23.1 (webtiles) character file.

Game seed: 11743159803109600262

2037 Hasart the Digger (level 9, -5/49 HPs)
             Began as a Deep Elf Earth Elementalist on Mar 2, 2019.
             Was an Initiate of Vehumet.
             Shot with an arrow by a centaur (13 damage)
             ... on level 7 of the Dungeon.
             The game lasted 00:12:30 (6222 turns).

Hasart the Digger (Deep Elf Earth Elementalist)     Turns: 6222, Time: 00:12:30

Health: -5/49      AC:  3    Str:  5    XL:     9   Next: 4%
Magic:  21/21      EV: 15    Int: 24    God:    Vehumet [......]
Gold:   193        SH:  4    Dex: 17    Spells: 14/21 levels left

rFire    . . .     SeeInvis +   F - -1 spear (curse)
rCold    . . .     Gourm    .   D - +0 buckler
rNeg     . . .     Faith    .   c - +0 robe
rPois    .         Spirit   .   (no helmet)
rElec    .         Reflect  .   (no cloak)
rCorr    .         Harm     .   l - +0 pair of gloves
MR       .....                  (no boots)
Stlth    ++........             y - amulet of magic regeneration
HPRegen  0.16/turn              C - ring of see invisible
MPRegen  0.42/turn              B - +2 ring of dexterity

@: no status effects
A: no striking features
a: Renounce Religion


You were on level 7 of the Dungeon.
You worshipped Vehumet.
Vehumet was noncommittal.
You were not hungry.

You visited 2 branches of the dungeon, and saw 8 of its levels.

You collected 343 gold pieces.
You spent 150 gold pieces at shops.

Inventory:

Hand Weapons
 r - a +0 long sword
 F - a cursed -1 spear (weapon)
Missiles
 b - 45 stones (quivered)
Armour
 c - a +0 robe (worn)
 l - a +0 pair of gloves (worn)
 D - a +0 buckler (worn)
Jewellery
 j - an uncursed ring of protection from magic
 y - an amulet of magic regeneration (around neck)
 B - a +2 ring of dexterity (right hand)
 C - a ring of see invisible (left hand)
Wands
 t - a wand of iceblast (8)
 v - a wand of flame (11)
 z - a wand of polymorph (8)
Scrolls
 a - 5 scrolls of amnesia {unknown}
 e - 2 scrolls of teleportation {unknown}
 m - a scroll of remove curse {unknown}
 n - 8 scrolls of identify {unknown}
 o - 3 scrolls of enchant armour {unknown}
 q - a scroll of noise {unknown}
 s - a scroll of immolation {unknown}
Potions
 f - 2 potions of agility {unknown}
 g - a potion of degeneration {unknown}
 h - a potion of lignification {unknown}
 i - a potion of invisibility {unknown}
 k - a potion of haste {unknown}
 p - 5 potions of curing {unknown}
 u - a potion of ambrosia {unknown}
 w - a potion of mutation {unknown}
 x - a potion of heal wounds {unknown}
 A - 2 potions of resistance {unknown}
Comestibles
 d - 9 rations
 E - 15 chunks of flesh


   Skills:
 + Level 2.3 Fighting
 - Level 6.0 Dodging
 - Level 2.7 Stealth
 + Level 1.3 Shields
 + Level 6.9 Spellcasting
 * Level 4.6 Conjurations
   Level 1.1 Transmutations
 + Level 2.2 Air Magic
 + Level 7.4 Earth Magic
 + Level 2.5 Poison Magic
 + Level 3.1 Evocations


You had 14 spell levels left.
You knew the following spells:

 Your Spells              Type           Power        Failure   Level  Hunger
a - Sandblast             Erth           #####.       1%          1    None
b - Stone Arrow           Conj/Erth      #####.       2%          3    None
c - Mephitic Cloud        Conj/Pois/Air  ###.....     9%          3    None

Your spell library contained the following spells:

 Spells                   Type           Power        Failure   Level  Hunger
 Sting                    Conj/Pois      ####         2%          1    None
 Passwall                 Tmut/Erth      ####....     2%          2    None
 Poisonous Vapours        Pois/Air       ###...       6%          2    None
 Corona                   Hex            #......      11%         1    None
 Lee's Rapid Deconstruct  Erth           #####.....   13%         5    #####..
 Slow                     Hex            #.......     16%         2    None
 Petrify                  Tmut/Erth      ####....     17%         4    ###....
 Leda's Liquefaction      Hex/Erth       ####......   22%         4    ###....
 Inner Flame              Hex/Fire       #.......     30%         3    None
 Portal Projectile        Hex/Tloc       #.....       30%         3    None
 Olgreb's Toxic Radiance  Pois           ###.....     34%         4    ###....
 Venom Bolt               Conj/Pois      ####......   54%         5    #####..
 Cause Fear               Hex            #.........   71%         4    ###....


Dungeon Overview and Level Annotations

Branches:
Dungeon (7/15)             Temple (1/1) D:6

Altars:
Ashenzari
Cheibriados
Dithmenos
Elyvilon
Fedhas
Gozag
Hepliaklqana
Kikubaaqudgha
Makhleb
Nemelex Xobeh
Okawaru
Qazlal
Ru
Sif Muna
Trog
Uskayaw
Vehumet
Wu Jian
Xom
Yredelemnul
Zin
The Shining One

Shops:
D:6 =

Annotations:
D:7 2 transporters, DungeonDestroyer's ghost, novice MiFi


Message History

You block the arrow.
The centaur shoots an arrow.
The arrow barely misses you.
The centaur shoots an arrow.
The arrow closely misses you.
The centaur shoots an arrow.
The arrow closely misses you.
The centaur shoots an arrow.
You block the arrow.
The centaur shouts!
You see here 3 arrows.
The centaur shoots an arrow.
The arrow barely misses you.
The centaur wields a +0 shortbow.
The centaur shoots an arrow.
The arrow misses you.
The centaur shoots an arrow.
The arrow closely misses you.
The centaur shoots an arrow.
The arrow hits you.
* * * LOW HITPOINT WARNING * * *
You see here 4 arrows.
Unknown command.
The centaur shoots an arrow.
The arrow misses you.
The centaur shoots an arrow.
You block the arrow.
The centaur shoots an arrow.
The arrow closely misses you.
You see here 3 arrows.
Unknown command.
The centaur shoots an arrow.
The arrow misses you.
The centaur shoots an arrow.
The arrow misses you.
The centaur shoots an arrow.
The arrow hits you!
You die...

##.≈≈≈≈≈≈≈≈≈≈.
##.≈≈≈≈≈≈≈≈≈≈.cc.....≈
#..≈≈≈≈≈≈≈≈≈≈≈cc..?.≈≈
##.≈≈≈≈≈≈≈≈≈≈≈≈≈cc≈≈≈≈
#...≈≈≈≈≈≈≈≈≈≈≈≈≈≈≈≈≈≈
##.....≈≈≈≈≈≈≈≈≈≈≈≈≈≈
##..#.##..≈≈≈≈≈≈≈≈# .
####......≈≈≈≈##.$.>
#..@((((((.?.#
#####(###..### ###
####


You could see 4 centaurs.

Vanquished Creatures
  2 hippogriffs (D:7)
  Sigmund (D:3)
  2 sky beasts
  A phantom (D:6)
  An ice beast (D:7)
  3 ogres
  A scorpion (D:7)
  A wyvern skeleton (D:7)
  3 crimson imps
  A bullfrog zombie (D:5)
  4 hounds
  5 orc priests
  A bullfrog skeleton (D:6)
  5 orc wizards
  2 worker ants
  A worker ant zombie (D:5)
  3 gnolls (D:7)
  A howler monkey skeleton (D:5)
  4 adders
  2 shadow imps
  An adder skeleton (D:5)
  A worm (D:2)
  A dart slug (D:2)
  2 leopard geckos
  23 orcs
  5 bats
  2 giant cockroaches
  3 goblins
  4 hobgoblins
  7 jackals
  3 quokkas
  5 frilled lizards
  5 kobolds
  A leopard gecko zombie (D:5)
  A quokka skeleton (D:7)
  8 rats
116 creatures vanquished.

Vanquished Creatures (others)
  An orc (D:3)
1 creature vanquished.

Grand Total: 117 creatures vanquished

Notes
Turn   | Place    | Note
-------+----------+-------------------------------------------
     0 | D:1      | Hasart the Deep Elf Earth Elementalist began the quest for
                  | the Orb.
     0 | D:1      | Reached XP level 1. HP: 10/10 MP: 6/6
   299 | D:1      | Reached XP level 2. HP: 15/15 MP: 2/8
   493 | D:1      | Reached skill level 4 in Earth Magic
  1000 | D:2      | Reached XP level 3. HP: 11/19 MP: 4/9
  1099 | D:2      | Found a faded altar of an unknown god.
  1764 | D:3      | Noticed Sigmund
  1774 | D:3      | Killed Sigmund
  1774 | D:3      | Reached skill level 5 in Earth Magic
  1774 | D:3      | Reached XP level 4. HP: 14/24 MP: 2/12
  1774 | D:3      | Reached XP level 5. HP: 17/28 MP: 2/13
  1898 | D:3      | Learned a level 3 spell: Stone Arrow
  1977 | D:3      | Reached XP level 6. HP: 23/32 MP: 1/15
  2402 | D:3      | Reached skill level 5 in Spellcasting
  2402 | D:3      | Reached skill level 6 in Earth Magic
  3802 | D:5      | Entered Level 5 of the Dungeon
  3807 | D:5      | Reached XP level 7. HP: 36/36 MP: 14/17
  3919 | D:5      | Reached skill level 1 in Conjurations
  4009 | D:5      | Reached skill level 5 in Dodging
  4009 | D:5      | Reached skill level 1 in Evocations
  4323 | D:5      | Reached skill level 1 in Fighting
  4620 | D:6      | Found Suichol's Gadget Shop.
  4660 | D:6      | Learned a level 3 spell: Mephitic Cloud
  4806 | D:6      | Found Cevyfonk's Jewellery Shoppe.
  5078 | D:6      | Bought an uncursed ring of see invisible for 150 gold
                  | pieces
  5195 | D:6      | Reached XP level 8. HP: 40/43 MP: 16/19
  5426 | D:6      | Found a staircase to the Ecumenical Temple.
  5479 | Temple   | Entered the Ecumenical Temple
  5586 | Temple   | Became a worshipper of Vehumet
  5656 | D:7      | Reached skill level 1 in Poison Magic
  5657 | D:7      | Reached skill level 7 in Earth Magic
  5700 | D:7      | Noticed a hippogriff
  5707 | D:7      | Killed a hippogriff
  5707 | D:7      | Reached skill level 1 in Air Magic
  5739 | D:7      | Noticed a hippogriff
  5751 | D:7      | Killed a hippogriff
  5933 | D:7      | Found a burning altar of Makhleb.
  5999 | D:7      | Reached skill level 1 in Shields
  6089 | D:7      | Reached XP level 9. HP: 43/48 MP: 15/21
  6176 | D:7      | Found a transporter.
  6176 | D:7      | Found a transporter.
  6176 | D:7      | Noticed DungeonDestroyer's ghost (novice MiFi)
  6178 | D:7      | Identified the +7 dire flail "Beetle's Foe" {flame, rPois}
  6222 | D:7      | Shot with an arrow by a centaur

Skill      XL: |  1  2  3  4  5  6  7  8 |
---------------+-------------------------+-----
Earth Magic    | 4 5 6 7 |  7.4
Dodging        | 3 4 5 6 |  6.0
Spellcasting   | 4 5 6 |  6.9
Conjurations   | 2 4 |  4.6
Evocations     | 2 3 |  3.1
Fighting       | 1 2 |  2.3
Poison Magic   | 2 |  2.5
Air Magic      | 2 |  2.2
Shields        | 1 |  1.3
Stealth        | |  2.7
Transmutations | |  1.1

Action                   |  1- 3 |  4- 6 |  7- 9 || total
-------------------------+-------+-------+-------++-------
Melee: Unarmed           |     1 |       |       ||     1
       Long sword        |       |    29 |    19 ||    48
 Cast: Sandblast         |    45 |    41 |   104 ||   190
       Stone Arrow       |       |       |     3 ||     3
 Stab: Sleeping          |       |     3 |     1 ||     4
  Eat: Chunk             |     2 |     6 |     5 ||    13
       Ration            |       |       |     1 ||     1
Armor: Robe              |     4 |     4 |     8 ||    16
Dodge: Dodged            |    20 |    45 |    57 ||   122
Block: Buckler           |       |       |     7 ||     7
       Rpst.: Long sword |       |    18 |     7 ||    25
